 Dungeon Crawl Stone Soup version 0.28-a0-1344-g6b9ff3a05d (webtiles) character file.

Game seed: 15881390516199941422

11202 Deminshera the Quickloader (level 11, -7/104 HPs)
             Began as a Naga Hunter on Dec 29, 2021.
             Was an Elder of Okawaru.
             Mangled by a two-headed ogre (12 damage)
             ... on level 10 of the Dungeon.
             The game lasted 00:39:08 (14395 turns).

Deminshera the Quickloader (Naga Hunter)           Turns: 14395, Time: 00:39:09

Health: -7/104     AC: 15    Str: 23 (25) XL:     11   Next: 74%
Magic:  16/16      EV:  8    Int: 12      God:    Okawaru [****..]
Gold:   393        SH:  3    Dex:  8 (11) Spells: 10/10 levels left

rFire   . . .      SeeInvis +   a - +1 hand crossbow
rCold   + . .      Faith    .   M - +0 buckler
rNeg    . . .      Spirit   .   F - +7 Kryia's mail coat {PotionHeal*2 rC+}
rPois   +          Reflect  .   p - +0 helmet
rElec   .          Harm     .   H - +0 cloak {rCorr}
rCorr   +          Rampage  .   (no gloves)
Will    +....                   (no barding)
Stlth   +.........              l - amulet of regeneration
HPRegen 1.07/turn               P - +6 ring of strength
MPRegen 0.15/turn               e - ring of resist corrosion

@: very slow
A: AC +3, large, see invisible, deformed body, poison resistance, slowness 2,
spit poison 1, naga tail 1
a: Spit Poison, Renounce Religion, Heroism, Finesse


You were on level 10 of the Dungeon.
You worshipped Okawaru.
Okawaru was greatly pleased with you.
You visited 2 branches of the dungeon, and saw 11 of its levels.
You also visited: Sewer and Bailey.

You collected 760 gold pieces.
You spent 367 gold pieces at shops.

Inventory:

Hand Weapons
 a - a +1 hand crossbow (weapon)
 u - the +8 hand axe "Bujeh" {holy, Fly rC+ Stlth+}
   (You found it on level 4 of the Dungeon)

   It has been blessed by the Shining One to cause great damage to the undead
   and demons.
   rC:        It protects you from cold.
   Fly:       It grants you flight.
   Stlth:     It makes you more stealthy.
Missiles
 d - 46 bolts (quivered ammo)
Armour
 p - a +0 helmet (worn)
 F - the +7 Kryia's mail coat (worn) {PotionHeal*2 rC+}
   (You found it on level 5 of the Dungeon)

   Potions are twice as effective at healing its wearer.
   rC:        It protects you from cold.
 G - the +1 leather armour of Claustrophobia {Will+ rCorr}
   (You found it on level 5 of the Dungeon)

   rCorr:     It protects you from acid and corrosion.
   Will:      It increases your willpower.
 H - a +0 cloak of preservation (worn)
 M - a +0 buckler (worn)
 R - a scarf of shadows
Jewellery
 e - a ring of resist corrosion (right hand)
 l - an amulet of regeneration (around neck)
 P - a +6 ring of strength (left hand)
Wands
 q - a wand of digging (5)
 x - a wand of iceblast (14)
 E - a wand of mindburst (18)
 K - a wand of flame (7)
 O - a wand of acid (5)
 Q - a wand of paralysis (4)
Scrolls
 h - 3 scrolls of enchant armour
 o - a scroll of teleportation
 w - 4 scrolls of amnesia
 A - 5 scrolls of enchant weapon
 C - 2 scrolls of magic mapping
Potions
 c - a potion of haste
 f - 5 potions of flight
 g - 3 potions of might
 i - 2 potions of heal wounds
 j - 4 potions of cancellation
 m - 6 potions of mutation
 n - 4 potions of brilliance
 r - a potion of invisibility
 s - 2 potions of resistance
 v - 4 potions of curing
 B - 2 potions of ambrosia
 I - a potion of lignification


   Skills:
 + Level 8.6 Fighting
 - Level 13.3 Crossbows
 - Level 1.5 Dodging
 - Level 5.0 Stealth
 - Level 2.4 Shields
 - Level 7.6 Invocations


You had 10 spell levels left.
You didn't know any spells.
Your spell library contained the following spells:

 Spells                   Type           Power      Damage    Failure   Level
 Magic Dart               Conj           0%         1d3       65%         1
 Pain                     Necr           0%         1d4       65%         1
 Ensorcelled Hibernation  Hex/Ice        0%         N/A       80%         2
 Mephitic Cloud           Conj/Pois/Air  0%         N/A       95%         3
 Spider Form              Tmut/Pois      0%         N/A       95%         3
 Vampiric Draining        Necr           0%         2d6       95%         3
 Animate Skeleton         Necr           Unusable   N/A       N/A         1
 Call Imp                 Summ           Unusable   N/A       N/A         2

Dungeon Overview and Level Annotations

Branches:
Dungeon (10/15)            Temple (1/1) D:4             Orc (0/2) D:10
  Sewer (visited)          Bailey (visited)
   Lair: D:8-11

Altars:
Ashenzari
Cheibriados
Dithmenos
Elyvilon
Fedhas
Gozag
Hepliaklqana
Kikubaaqudgha
Makhleb
Nemelex Xobeh
Okawaru
Qazlal
Ru
Sif Muna
Trog
Uskayaw
Vehumet
Wu Jian
Xom
Yredelemnul
Zin
The Shining One
Lugonu

Shops:
D:3 (   D:6 ?   D:7 *


Innate Abilities, Weirdness & Mutations

Your serpentine skin is tough. (AC +3)
You have supernaturally acute eyesight. (SInv)
Armour fits poorly on your strangely shaped body.
Your system is resistant to poisons. (rPois)
You cover ground very slowly.
You can spit poison.
You have a snake-like lower body.


Message History

You shoot a bolt. The bolt hits the two-headed ogre!
The two-headed ogre is moderately wounded.
You block the two-headed ogre's attack.
The two-headed ogre completely misses you.
You shoot a bolt.
The bolt barely misses the two-headed ogre.
The two-headed ogre hits you with a +0 giant club!!
The two-headed ogre hits you with a +0 giant club.
You shoot a bolt.
The bolt barely misses the two-headed ogre.
A howler monkey comes into view.
The two-headed ogre hits you with a +0 giant club! x2
You shoot a bolt. The bolt hits the two-headed ogre!
The two-headed ogre is heavily wounded.
The howler monkey hoots and howls with incredible vigour!
You hear a shout!
You hear an angry buzzing noise. x3; You hear a shout! x3
You hear an angry growl.
You hear a bellow!
You hear an angry hiss.
You shoot a bolt. The bolt hits the two-headed ogre.
The two-headed ogre is heavily wounded.
The two-headed ogre hits you with a +0 giant club!
The two-headed ogre hits you but does no damage.
The howler monkey hoots and howls with incredible vigour!
You are too injured to fight recklessly!
Fire: 47 bolts
Press: ? - help, Q - select action, (/) - cycle Shift-Dir - straight line, f/p - two-headed ogre
Aim: a two-headed ogre, wielding two +0 giant clubs (heavily wounded, 81% to hit)
You shoot a bolt. The bolt hits the two-headed ogre.
The two-headed ogre is heavily wounded.
The howler monkey hoots and howls with incredible vigour!
The two-headed ogre hits you with a +0 giant club!!
* * * LOW HITPOINT WARNING * * *
The two-headed ogre hits you with a +0 giant club!!
* * * LOW HITPOINT WARNING * * *
You hear an angry buzzing noise.
You hear a shout!
You hear an angry growl.
As you read the scroll of fear, it crumbles to dust.
You assume a fearsome visage.
The two-headed ogre easily resists.
The howler monkey looks frightened! x2
The two-headed ogre hits you but does no damage.
The two-headed ogre hits you with a +0 giant club!
You die...

..........##..###
##.#...#..##..# #
......######..## # .#
##....######...# .#.(#
......##..##...# .#(.
##....##..##...# #h(#
#..............# ..##
#.....##.......####(..#...
#...#.##........@O.h......
...#####....#######h.###..
... #....# ..# ... #...##
..# .. .....# ..# . ...###
..# ... ..# #..


You could see a two-headed ogre and 2 howler monkeys.

Vanquished Creatures
  A boulder beetle (D:9)
  2 cyclopes (D:9)
  2 gargoyles
  2 trolls
  Grinder (D:4)
  3 vampires (Bailey)
  2 wyverns
  A basilisk (D:9)
  A yak (D:9)
  Eustachio (D:4)
  3 steam dragons
  4 water moccasins
  3 black bears
  6 orc warriors
  A swamp drake (D:10)
  2 sky beasts
  An ice beast (D:7)
  2 necrophages
  5 ogres
  6 centaurs
  A phantom (D:5)
  5 kobold brigands
  4 wyvern zombies
  4 bullfrogs
  5 scorpions
  A wyvern skeleton (D:6)
  4 killer bees
  2 howler monkeys (D:9)
  11 wights
  3 electric eels (D:8)
  9 vampire bats (Bailey)
  8 wolf zombies (Bailey)
  3 centaur zombies
  A bullfrog zombie (D:5)
  5 jellies
  2 hounds
  A gnoll shaman (D:7)
  8 orc priests
  2 centaur skeletons
  Crazy Yiuf (D:5)
  13 orc wizards
  5 iguanas
  Natasha (thrice) (D:2)
  A statue (D:3)
  A hound skeleton (D:4)
  Robin (D:2)
  2 howler monkey zombies (D:9)
  7 gnolls
  A howler monkey skeleton (D:5)
  21 orc zombies (Bailey)
  9 adders
  A river rat (D:4)
  2 white imps (D:7)
  An ufetubus (D:5)
  2 adder skeletons
  2 worms
  A dart slug (D:3)
  37 orcs
  6 endoplasms
  7 giant cockroaches
  7 hobgoblins
  3 jackals (D:2)
  2 quokkas
  6 ball pythons
  4 bats
  2 frilled lizards
  16 goblins
  16 kobolds
  11 rats
319 creatures vanquished.

Vanquished Creatures (others)
  22 plants
22 creatures vanquished.

Grand Total: 341 creatures vanquished

Notes
Turn   | Place    | Note
-------+----------+-------------------------------------------
     0 | D:1      | Deminshera the Naga Hunter began the quest for the Orb.
     0 | D:1      | Reached XP level 1. HP: 19/19 MP: 1/1
   468 | D:1      | Reached XP level 2. HP: 26/26 MP: 2/2
   564 | D:1      | Found a faded altar of an unknown god.
  1069 | D:2      | Reached XP level 3. HP: 32/32 MP: 3/3
  1144 | D:2      | Reached skill level 5 in Stealth
  1375 | D:2      | Noticed Natasha
  1384 | D:2      | Killed Natasha
  1385 | D:2      | Reached skill level 4 in Crossbows
  1385 | D:2      | Reached XP level 4. HP: 15/39 MP: 4/4
  2384 | D:2      | Found a bloodstained altar of Trog.
  2515 | D:2      | Noticed Natasha
  2523 | D:2      | Killed Natasha
  2596 | D:2      | Noticed Natasha
  2600 | D:2      | Killed Natasha
  2601 | D:2      | Reached XP level 5. HP: 45/45 MP: 5/5
  2681 | D:2      | Reached skill level 5 in Crossbows
  2873 | D:2      | Noticed Robin
  2885 | D:2      | Killed Robin
  2998 | D:3      | Found a blossoming altar of Fedhas.
  2998 | D:3      | Found Itwymakh's Weapon Emporium.
  3109 | D:3      | Found an iron altar of Okawaru.
  3117 | D:3      | Became a worshipper of Warmaster Okawaru
  3238 | D:3      | Found a radiant altar of Vehumet.
  3238 | D:3      | Noticed a frost-covered statue
  3240 | D:3      | Killed a frost-covered statue
  3392 | D:3      | Reached XP level 6. HP: 52/52 MP: 6/6
  3508 | D:3      | Found a glowing golden altar of the Shining One.
  3511 | D:3      | Noticed a sky beast
  3518 | D:3      | Killed a sky beast
  3518 | D:3      | Reached * piety under Okawaru
  3519 | D:3      | Reached skill level 6 in Crossbows
  3703 | D:3      | Found a white marble altar of Elyvilon.
  3711 | D:3      | Found a hide-covered altar of Uskayaw.
  3780 | D:3      | Found an opulent altar of Gozag.
  4021 | D:4      | Noticed Grinder
  4030 | D:4      | Killed Grinder
  4031 | D:4      | Reached XP level 7. HP: 48/66 MP: 4/7
  4133 | D:4      | Found a glowing drain.
  4150 | Sewer    | Entered a sewer
  4214 | Sewer    | Reached skill level 5 in Fighting
  4251 | Sewer    | Reached ** piety under Okawaru
  4475 | D:4      | Found a staircase to the Ecumenical Temple.
  4500 | D:4      | Identified the +8 hand axe "Bujeh" {holy, Fly rC+ Stlth+}
  4507 | Temple   | Entered the Ecumenical Temple
  4809 | D:4      | Reached XP level 8. HP: 78/78 MP: 8/8
  4924 | D:4      | Noticed Eustachio
  4936 | D:4      | Killed Eustachio
  5046 | D:4      | Reached *** piety under Okawaru
  5174 | D:4      | Found a shadowy altar of Dithmenos.
  5299 | D:4      | Reached skill level 7 in Crossbows
  5417 | D:5      | Entered Level 5 of the Dungeon
  5482 | D:5      | Identified the +2 ring mail of the End {rPois Stlth+}
  5632 | D:5      | Reached XP level 9. HP: 81/88 MP: 9/9
  5723 | D:5      | Reached skill level 8 in Crossbows
  6486 | D:5      | Found the +7 Kryia's mail coat {PotionHeal*2 rC+}
  6603 | D:5      | Identified the +1 leather armour of Claustrophobia {Will+
                  | rCorr}
  6785 | D:5      | Found a runed translucent door.
  6786 | D:5      | Noticed Crazy Yiuf
  6793 | D:5      | Killed Crazy Yiuf
  6966 | D:5      | Reached **** piety under Okawaru
  6967 | D:5      | Reached skill level 9 in Crossbows
  7087 | D:6      | Found an ornate altar of the Wu Jian Council.
  7445 | D:6      | Found Dexit's Magic Scroll Boutique.
  7488 | D:6      | Bought a scroll of teleportation for 33 gold pieces
  7488 | D:6      | Bought 3 scrolls of enchant weapon for 247 gold pieces
  7488 | D:6      | Bought a scroll of identify for 22 gold pieces
  7488 | D:6      | Bought a scroll of fear for 38 gold pieces
  7542 | D:6      | Received a gift from Okawaru
  7547 | D:6      | Reached skill level 10 in Crossbows
  7938 | D:7      | Found a burning altar of Makhleb.
  7959 | D:7      | Reached skill level 1 in Shields
  7959 | D:7      | Reached XP level 10. HP: 96/96 MP: 10/10
  8233 | D:7      | Reached skill level 11 in Crossbows
  8781 | D:7      | Found a sparkling altar of Nemelex Xobeh.
  9009 | D:7      | Found Dufeun's Assorted Antiques.
  9012 | D:7      | Bought a scroll labelled COYXTIB MAELE for 27 gold pieces
  9675 | D:8      | Reached skill level 1 in Invocations
  9680 | D:8      | Reached ***** piety under Okawaru
 10301 | D:8      | Found a sacrificial altar of Ru.
 10392 | D:8      | Reached skill level 12 in Crossbows
 10952 | D:9      | Found a flagged portal.
 10964 | Bailey   | Entered a bailey
 11302 | Bailey   | Received a gift from Okawaru
 11320 | Bailey   | Noticed a gargoyle
 11329 | Bailey   | Killed a gargoyle
 11433 | Bailey   | Reached XP level 11. HP: 45/103 MP: 8/14
 11440 | Bailey   | Reached skill level 5 in Invocations
 11645 | Bailey   | Identified the +3 leather armour "Qevizo" {Dex+4}
 11831 | Bailey   | Identified the +5 chain mail of Ystru {Dex+6}
 11892 | Bailey   | Identified the +3 quarterstaff "Lifebane" {spect, +Blink
                  | Will+ Int+3 Dex+5}
 12289 | D:9      | Received a gift from Okawaru
 12310 | D:9      | Noticed a cyclops
 12310 | D:9      | Noticed a cyclops
 12311 | D:9      | Noticed a boulder beetle
 12357 | D:9      | Killed a cyclops
 12381 | D:9      | Killed a cyclops
 12382 | D:9      | Reached skill level 13 in Crossbows
 12958 | D:9      | Killed a boulder beetle
 13076 | D:9      | Received a gift from Okawaru
 13393 | D:9      | Found a snail-covered altar of Cheibriados.
 13394 | D:9      | Found a shimmering altar of Xom.
 14073 | D:10     | Entered Level 10 of the Dungeon
 14105 | D:10     | Received a gift from Okawaru
 14179 | D:10     | Found a staircase to the Orcish Mines.
 14383 | D:10     | Noticed a two-headed ogre
 14394 | D:10     | HP: 4/104 [two-headed ogre (19)]
 14395 | D:10     | Mangled by a two-headed ogre

Illustrated notes

Levels and vault maps discovered:
D:1:      dpeg_arrival_water_temple_mockup, layout_basic,
          ebering_ecumenical_altar_hall, st_stairs_13
D:2:      layout_basic, basic_altar, nrook_campfire, uniq_robin, uniq_natasha
D:3:      layout_rooms, mainiacjoe_overflow_chevrons,
          nicolae_tso_carved_into_rock, vehumet_statue, fedhas_altar_1,
          nicolae_gozag_cash_rules_everything_around_me, minitemple,
          serial_shops, shop
D:4:      minmay_inner_zag, layout_gridville, mainiacjoe_overflow_alcove_4,
          minmay_temple_entry_offerings, portal_sewer_entry_e,
          chequers_decorated_corner, uniq_grinder, uniq_eustachio
D:5:      layout_basic, minmay_misc_feat_enclosed, nicolae_fountain_basement,
          uniq_crazy_yiuf_cottage
D:6:      layout_loops_cross, nzn_wu_jian_council_hall, serial_shops,
          nicolae_shop_window_shopping, serial_bayou_pond_a
D:7:      minmay_recursive_quarters, layout_basic,
          nemelex_xobeh_ov_fountains_minmay, amcnicky_altar_gilded,
          serial_shops, kennysheep_mini
D:8:      layout_loops_ring, nicolae_ru_the_path_less_chosen, serial_bayou,
          serial_bayou_shore_a, serial_bayou_crossing, serial_bayou_lagoon_a,
          serial_bayou_pond_a
D:9:      minmay_chambers_of_sevens, layout_basic,
          nicolae_overflow_hidden_temple, enter_bailey_4, minmay_quadrilaterals
D:10:     layout_loops_ring, david_lair_generic, erik_orc_1,
          gammafunk_ghost_hydra_chop, hangedman_decor_growths
Temple:   corrupted_temple

Skill      XL: |  1  2  3  4  5  6  7  8  9 10 11 |
---------------+----------------------------------+-----
Stealth        | 3 4 5 |  5.0
Crossbows      | 4 5 6 7 10 12 13 | 13.3
Fighting       | 4 6 8 |  8.6
Shields        | 1 2 |  2.4
Invocations    | 4 7 |  7.6
Dodging        | |  1.5

Action                   |  1- 3 |  4- 6 |  7- 9 | 10-12 || total
-------------------------+-------+-------+-------+-------++-------
Melee: Short sword       |    19 |       |       |       ||    19
       Flail             |    14 |    13 |       |    11 ||    38
       Hand axe          |       |       |    37 |   232 ||   269
       Hand crossbow     |       |       |       |     9 ||     9
 Fire: Hand crossbow     |       |    92 |   241 |   350 ||   683
Invok: Heroism           |       |     1 |       |     8 ||     9
       Finesse           |       |       |       |     4 ||     4
 Abil: Spit Poison       |    18 |    10 |    25 |    29 ||    82
Evoke: Wand              |       |       |       |     7 ||     7
  Use: Potion            |     1 |       |       |    14 ||    15
       Scroll            |       |     2 |     5 |    13 ||    20
 Stab: Sleeping          |     2 |       |     2 |     1 ||     5
       Paralysed         |       |       |       |    11 ||    11
Armor: Leather armour    |     6 |    26 |       |       ||    32
       Skin              |    12 |       |       |       ||    12
       Ring mail         |       |     3 |    75 |       ||    78
       Scale mail        |       |       |    38 |   374 ||   412
Dodge: Dodged            |    21 |    46 |    79 |   225 ||   371
Block: Buckler           |       |       |       |   107 ||   107

Table legend: (Time is in decaauts)
 A = Elapsed time spent in this place.
 B = Non-inter-level travel time spent in this place.
 C = Inter-level travel time spent in this place.
 D = Time resting spent in this place.
 E = Time spent auto-exploring this place.
 F = Levels seen in this place.
 G = Mean time per level.
                   A        B        C        D        E       F      G
               +--------+--------+--------+--------+--------+-----+--------+
         Total |  17409 |  16611 |    798 |   4736 |   8645 |  13 | 1339.2 |
       Dungeon |  15666 |  14885 |    781 |   4301 |   8052 |  10 | 1566.6 |
        Temple |     59 |     43 |     16 |      0 |     33 |   1 |   59.0 |
         Sewer |    423 |    423 |      0 |      0 |    294 |   1 |  423.0 |
        Bailey |   1260 |   1260 |      0 |    435 |    265 |   1 | 1260.0 |
               +--------+--------+--------+--------+--------+-----+--------+

Top non-repeatable levels by time:
     D:2: 2379 daAuts
     D:8: 2201 daAuts
     D:9: 1919 daAuts
     D:5: 1896 daAuts
     D:7: 1856 daAuts
     D:4: 1474 daAuts
     D:1: 1301 daAuts
  Bailey: 1260 daAuts
     D:3: 1180 daAuts
     D:6: 1058 daAuts
   Sewer: 423 daAuts
    D:10: 397 daAuts
  Temple: 59 daAuts
